 Dungeon Crawl Stone Soup version 0.28.0-47-ge53b351184 (webtiles) character file.

Game seed: 4267943250935506356

3313 croobank the Magician (level 10, 0/73 HPs)
             Began as a Gnoll Fire Elementalist on Apr 26, 2022.
             Was an Initiate of Gozag.
             Slain by Harold
             ... wielding a +0 long sword
              (17 damage)
             ... on level 7 of the Dungeon.
             The game lasted 00:32:29 (9317 turns).

croobank the Magician (Gnoll Fire Elementalist)     Turns: 9317, Time: 00:32:37

Health: 0/73       AC:  7    Str: 14    XL:     10   Next: 1%
Magic:  5/20       EV:  7    Int: 18    God:    Gozag
Gold:   201        SH:  0    Dex: 13    Spells: 3/23 levels left

rFire   . . .      SeeInvis .   I - +1 flail (holy)
rCold   . . .      Faith    .   (no shield)
rNeg    . . .      Spirit   .   m - +0 robe
rPois   .          Reflect  .   (no helmet)
rElec   .          Harm     .   (no cloak)
rCorr   .          Rampage  .   k - +1 pair of gloves {Stlth+}
Will    .....                   J - +2 pair of boots {Fly}
Stlth   ++++......              F - amulet of regeneration
HPRegen 1.02/turn               e - +6 ring of strength
MPRegen 0.17/turn               E - +4 ring of slaying

@: marked, gold aura, flying, held
A: fangs 1, strong nose, distributed training
a: Renounce Religion, Potion Petition, Call Merchant, Bribe Branch


You were on level 7 of the Dungeon.
You worshipped Gozag.
Gozag was aware of your devotion.
You visited 2 branches of the dungeon, and saw 8 of its levels.

You collected 604 gold pieces.
You spent 258 gold pieces at shops.
You paid 145 gold pieces to Gozag.

Inventory:

Hand Weapons
 a - a +2 vampiric spear
 b - a +0 hunting sling of freezing
 v - a +0 shortbow
 y - a +3 flail of protection
 I - a +1 flail of holy wrath (weapon)
 L - a +0 dagger of electrocution
 O - a +7 antimagic spear
Missiles
 c - 347 stones
 h - 48 bolts
 i - 2 boomerangs
 l - an atropa-tipped dart (quivered)
 q - 72 sling bullets
 w - 65 arrows
 B - a curare-tipped dart
Armour
 k - a +1 pair of gloves of stealth (worn)
 m - a +0 robe (worn)
 J - a +2 pair of boots of flying (worn)
Jewellery
 e - a +6 ring of strength (left hand)
 g - a ring of protection from cold
 j - a ring of protection from fire
 o - a +4 ring of evasion
 E - a +4 ring of slaying (right hand)
 F - an amulet of regeneration (around neck)
Wands
 C - a wand of charming (9)
 N - a wand of acid (9)
Scrolls
 t - a scroll of teleportation
 z - a scroll of fear
 A - a scroll of enchant weapon
 D - a scroll of fog
 K - a scroll of immolation
 M - a scroll of magic mapping {unknown}
 P - a scroll of amnesia {unknown}
 Q - a scroll of summoning {unknown}
Potions
 d - 2 potions of flight
 n - 3 potions of curing
 p - a potion of heal wounds
 r - a potion of mutation
 s - 2 potions of magic
 u - a potion of brilliance
 x - 2 potions of degeneration
 R - a potion of lignification


   Skills:
 + Level 4.8 Fighting
 + Level 4.8 Short Blades
 + Level 4.8 Long Blades
 + Level 4.8 Axes
 + Level 4.8 Maces & Flails
 + Level 4.8 Polearms
 + Level 4.8 Staves
 + Level 4.8 Slings
 + Level 4.8 Bows
 + Level 4.8 Crossbows
 + Level 4.8 Throwing
 + Level 4.8 Armour
 + Level 6.7 Dodging
 + Level 6.4 Stealth
 + Level 4.8 Shields
 + Level 4.8 Unarmed Combat
 + Level 7.0 Spellcasting
 + Level 4.5 Conjurations
 + Level 4.0 Hexes
 + Level 4.0 Summonings
 + Level 4.0 Necromancy
 + Level 4.0 Translocations
 + Level 4.0 Transmutations
 + Level 6.8 Fire Magic
 + Level 4.0 Ice Magic
 + Level 4.0 Air Magic
 + Level 4.0 Earth Magic
 + Level 4.0 Poison Magic
 + Level 5.3 Invocations
 + Level 4.8 Evocations


You had 3 spell levels left.
You knew the following spells:

 Your Spells              Type           Power      Damage    Failure   Level
a - Foxfire               Conj/Fire      100%       2x1d9     1%          1
b - Scorch                Fire           62%        2d8       1%          2
c - Flame Wave            Conj/Fire      26%        2d7       11%         4
d - Spider Form           Tmut/Pois      20%        N/A       6%          3
e - Ozocubu's Armour      Ice            20%        N/A       6%          3
f - Wereblood             Tmut           20%        N/A       3%          2
g - Metabolic Englaciati  Hex/Ice        10%        N/A       50%         5

Your spell library contained the following spells:

 Spells                   Type           Power      Damage    Failure   Level
 Beastly Appendage        Tmut           40%        N/A       1%          1
 Conjure Flame            Conj/Fire      26%        6-21      3%          3
 Inner Flame              Hex/Fire       25%        N/A       3%          3
 Simulacrum               Ice/Necr       10%        N/A       97%         6
 Malign Gateway           Summ/Tloc      10%        N/A       100%        7
 Summon Horrible Things   Summ           10%        N/A       100%        8


Dungeon Overview and Level Annotations

Branches:
Dungeon (7/15)             Temple (1/1) D:5

Altars:
Ashenzari
Cheibriados
Dithmenos
Elyvilon
Fedhas
Gozag
Hepliaklqana
Kikubaaqudgha
Nemelex Xobeh
Okawaru
Ru
Sif Muna
Xom
Yredelemnul
Zin
The Shining One

Shops:
D:6 [

Annotations:
D:7 Harold


Innate Abilities, Weirdness & Mutations

You have very sharp teeth.
Your uncanny sense of smell can sniff out nearby items.
Your experience applies equally to all skills.


Message History

Casting: Scorch (safe; 1% risk of failure)
Confirm with . or Enter, or press ? or * to list all spells.
Flames lash Harold.
Harold is burned terribly!
Harold is lightly wounded.
Harold points at you and mumbles some strange words.
The mark upon you grows brighter.
Casting: Scorch (safe; 1% risk of failure)
Confirm with . or Enter, or press ? or * to list all spells.
Flames lash the howler monkey skeleton.
The howler monkey skeleton is heavily damaged.
The howler monkey skeleton's fire resistance burns away.
Harold hits you with a +0 long sword!!
Casting: Scorch (safe; 1% risk of failure)
Confirm with . or Enter, or press ? or * to list all spells.
Casting: Flame Wave (dangerous; 11% risk of failure)
Press: ? - help, Dir - look around, f - activate A wave of flame ripples out!
The flame wave engulfs Harold!
Harold is burned terribly!
Harold is moderately wounded. (Press . to intensify the flame waves.) Harold hits you with a +0 long sword!!
* * * LOW HITPOINT WARNING * * *
A wave of flame ripples out!
The flame wave engulfs Harold!
Harold is burned terribly!
Harold is heavily wounded.
The flame wave engulfs the howler monkey skeleton.
The howler monkey skeleton is burned terribly!
The howler monkey skeleton is severely damaged.
Harold hits you with a +0 long sword.
* * * LOW HITPOINT WARNING * * *
The howler monkey skeleton hits you but does no damage.
A wave of flame ripples out!
The flame wave engulfs Harold!
Harold is burned terribly!
Harold is heavily wounded.
The flame wave engulfs the howler monkey skeleton!
The howler monkey skeleton is burned terribly!
You destroy the howler monkey skeleton!
You finish channelling waves of flame.
Harold hits you with a +0 long sword!
You die...
Your body crumbles into a pile of gold.

#.#.⌠.⌠.#.# #........
#.#..<).#.# #........
#.#.⌠.⌠.#.# #.......#
#.##...##.# #.?.....#
#.⌠#####⌠.#
#.......####.......##
#........# ####)#######
#.....@$.# #...>.....#
#......@.# #.........#
#.......(####.........#
#.........[...........#
####+#.######.........#
#................#
#.#####.#######'## #.
#.#### #.# # #. #....#
#.# # #. ####.# #.# #


You could see Harold (combustible).

Vanquished Creatures
  A wyvern (D:7)
  The ghost of Rudyous the Skirmisher, an amateur DjFi of Gozag (D:3)
  A hornet zombie (D:6)
  2 ice beasts
  3 sky beasts
  4 ogres
  3 centaurs
  2 phantoms
  A kobold brigand (D:7)
  2 bullfrogs
  Blork the orc (D:4)
  3 scorpions
  3 gnoll sergeants (D:6)
  A wyvern skeleton (D:6)
  10 hounds
  A jelly (D:4)
  2 centaur skeletons
  A bullfrog skeleton (D:7)
  2 gnoll shamans (D:6)
  2 iguanas
  Natasha (thrice) (D:2)
  An orc wizard (D:5)
  A killer bee zombie (D:7)
  4 howler monkey skeletons
  Robin (D:2)
  22 gnolls
  3 adders (D:3)
  4 white imps
  2 ufetubi
  2 worms
  3 dart slugs
  5 orcs
  6 bats
  6 endoplasms
  A giant cockroach (D:1)
  20 goblins
  8 hobgoblins
  13 jackals
  15 kobolds
  6 quokkas
  10 ball pythons
  13 rats
195 creatures vanquished.

Vanquished Creatures (others)
  309 foxfires
  4 plants (D:2)
313 creatures vanquished.

Grand Total: 508 creatures vanquished

Notes
Turn   | Place    | Note
-------+----------+-------------------------------------------
     0 | D:1      | croobank the Gnoll Fire Elementalist began the quest for
                  | the Orb.
     0 | D:1      | Reached XP level 1. HP: 13/13 MP: 6/6
    91 | D:1      | Reached XP level 2. HP: 12/19 MP: 3/7
   677 | D:1      | Learned a level 2 spell: Scorch
   910 | D:1      | Reached XP level 3. HP: 24/25 MP: 5/9
  1001 | D:1      | Reached skill level 5 in Spellcasting
  1287 | D:2      | Reached skill level 1 in Invocations
  1294 | D:2      | Noticed Robin
  1301 | D:2      | Killed Robin
  1302 | D:2      | Reached skill level 1 in Fighting
  1302 | D:2      | Reached skill level 1 in Short Blades
  1302 | D:2      | Reached skill level 1 in Long Blades
  1302 | D:2      | Reached skill level 1 in Axes
  1302 | D:2      | Reached skill level 1 in Maces & Flails
  1302 | D:2      | Reached skill level 1 in Polearms
  1302 | D:2      | Reached skill level 1 in Staves
  1302 | D:2      | Reached skill level 1 in Slings
  1302 | D:2      | Reached skill level 1 in Bows
  1302 | D:2      | Reached skill level 1 in Crossbows
  1302 | D:2      | Reached skill level 1 in Throwing
  1302 | D:2      | Reached skill level 1 in Armour
  1302 | D:2      | Reached skill level 1 in Shields
  1302 | D:2      | Reached skill level 1 in Unarmed Combat
  1302 | D:2      | Reached skill level 1 in Evocations
  1328 | D:2      | Reached XP level 4. HP: 30/32 MP: 0/11
  1582 | D:2      | Noticed a scorpion
  1589 | D:2      | Killed a scorpion
  1590 | D:2      | Reached skill level 1 in Hexes
  1590 | D:2      | Reached skill level 1 in Summonings
  1590 | D:2      | Reached skill level 1 in Necromancy
  1590 | D:2      | Reached skill level 1 in Translocations
  1590 | D:2      | Reached skill level 1 in Transmutations
  1590 | D:2      | Reached skill level 1 in Ice Magic
  1590 | D:2      | Reached skill level 1 in Air Magic
  1590 | D:2      | Reached skill level 1 in Earth Magic
  1590 | D:2      | Reached skill level 1 in Poison Magic
  1590 | D:2      | Reached XP level 5. HP: 37/37 MP: 3/12
  1947 | D:2      | Noticed Natasha
  1953 | D:2      | Killed Natasha
  2272 | D:2      | Noticed Natasha
  2277 | D:2      | Killed Natasha
  2284 | D:2      | Noticed Natasha
  2289 | D:2      | Killed Natasha
  2677 | D:3      | Reached XP level 6. HP: 39/44 MP: 4/13
  2936 | D:3      | Learned a level 4 spell: Flame Wave
  3151 | D:3      | Found a runed translucent gate.
  3151 | D:3      | Found a runed translucent gate.
  3151 | D:3      | Found an opulent altar of Gozag.
  3151 | D:3      | Found a runed translucent gate.
  3151 | D:3      | Noticed Rudyous's ghost (amateur DjFi)
  3152 | D:3      | Noticed an ice beast
  3401 | D:3      | Reached skill level 5 in Dodging
  3991 | D:4      | Noticed Blork the orc
  3995 | D:4      | Killed Blork the orc
  3996 | D:4      | Reached XP level 7. HP: 49/50 MP: 6/15
  4868 | D:5      | Entered Level 5 of the Dungeon
  4966 | D:5      | Reached skill level 5 in Stealth
  5214 | D:5      | Reached XP level 8. HP: 57/57 MP: 7/16
  5431 | D:5      | Found a staircase to the Ecumenical Temple.
  5441 | Temple   | Entered the Ecumenical Temple
  5912 | D:6      | Reached skill level 6 in Spellcasting
  6197 | D:6      | Found a shimmering blue altar of Sif Muna.
  6413 | D:6      | Found Ysudewn's Armour Emporium.
  6422 | D:6      | Bought a +2 pair of boots of flying for 258 gold pieces
  6843 | D:6      | Reached XP level 9. HP: 55/65 MP: 0/18
  8118 | D:7      | Noticed Harold
  8233 | D:3      | Learned a level 3 spell: Spider Form
  8237 | D:3      | Learned a level 3 spell: Ozocubu's Armour
  8240 | D:3      | Learned a level 2 spell: Wereblood
  8270 | D:3      | Killed Rudyous's ghost
  8271 | D:3      | Reached skill level 5 in Invocations
  8384 | D:3      | Became a worshipper of Gozag Ym Sagoz the Greedy
  8613 | D:7      | Learned a level 5 spell: Metabolic Englaciation
  8916 | D:7      | Reached skill level 7 in Spellcasting
  8940 | D:7      | Reached XP level 10. HP: 73/73 MP: 5/20
  9292 | D:7      | Identified a scroll of acquirement
  9293 | D:7      | Acquired a +1 pair of gloves of stealth
  9317 | D:7      | Slain by Harold

Illustrated notes

Levels and vault maps discovered:
D:1:      minmay_arrival_pointy, layout_basic
D:2:      minmay_razor_zed, layout_rooms, nrook_mini_backslash, st_stairs_10,
          chequers_big_river, uniq_natasha, uniq_robin
D:3:      layout_loops_ring, ebering_ghost_gozag, grunt_ministairs_9,
          nicolae_underground_beach
D:4:      layout_basic, minmay_misc_feat_rows, uniq_blork_the_orc
D:5:      layout_rooms, minmay_temple_entry_fiery
D:6:      layout_cave_pools, mainiacjoe_overflow_alcove_1, serial_gnoll_camp,
          gnoll_camp_mini_loothouse, gnoll_camp_mini_house, gnoll_camp_mini_hut,
          gnoll_camp_huts_basic, gnoll_camp_mini_basic, gnoll_camp_mini_shop
D:7:      layout_basic, grunt_ministairs_11, uniq_harold
Temple:   minmay_temple_curvy_branch

Skill      XL: |  1  2  3  4  5  6  7  8  9 10 |
---------------+-------------------------------+-----
Conjurations   | 2 3 4 |  4.5
Spellcasting   | 5 6 7 |  7.0
Invocations    | 1 2 3 4 5 |  5.3
Fighting       | 1 2 3 4 |  4.8
Short Blades   | 1 2 3 4 |  4.8
Long Blades    | 1 2 3 4 |  4.8
Axes           | 1 2 3 4 |  4.8
Maces & Flails | 1 2 3 4 |  4.8
Polearms       | 1 2 3 4 |  4.8
Staves         | 1 2 3 4 |  4.8
Slings         | 1 2 3 4 |  4.8
Bows           | 1 2 3 4 |  4.8
Crossbows      | 1 2 3 4 |  4.8
Throwing       | 1 2 3 4 |  4.8
Armour         | 1 2 3 4 |  4.8
Shields        | 1 2 3 4 |  4.8
Unarmed Combat | 1 2 3 4 |  4.8
Evocations     | 1 2 3 4 |  4.8
Hexes          | 1 2 3 4 |  4.0
Summonings     | 1 2 3 4 |  4.0
Necromancy     | 1 2 3 4 |  4.0
Translocations | 1 2 3 4 |  4.0
Transmutations | 1 2 3 4 |  4.0
Ice Magic      | 1 2 3 4 |  4.0
Air Magic      | 1 2 3 4 |  4.0
Earth Magic    | 1 2 3 4 |  4.0
Poison Magic   | 1 2 3 4 |  4.0
Dodging        | 5 6 |  6.7
Stealth        | 5 6 |  6.4
Fire Magic     | 6 |  6.8

Action                   |  1- 3 |  4- 6 |  7- 9 | 10-12 || total
-------------------------+-------+-------+-------+-------++-------
Melee: Unarmed           |    11 |       |    18 |       ||    29
       Bite              |     1 |     4 |     9 |     1 ||    15
       Dagger            |     2 |    24 |    21 |       ||    47
       Spear             |       |       |    22 |       ||    22
       Flail             |       |       |     5 |     8 ||    13
       Punch             |       |       |     1 |       ||     1
Throw: Dart              |       |       |     1 |       ||     1
 Cast: Foxfire           |    42 |    53 |    89 |     1 ||   185
       Scorch            |     9 |    34 |   136 |     6 ||   185
       Flame Wave        |       |       |     2 |     2 ||     4
       Ozocubu's Armour  |       |       |     1 |       ||     1
       Spider Form       |       |       |     1 |       ||     1
  Use: Scroll            |       |     7 |     9 |     2 ||    18
 Stab: Sleeping          |     1 |       |       |       ||     1
Armor: Robe              |     4 |     6 |    20 |     6 ||    36
Dodge: Dodged            |    20 |    41 |   102 |    12 ||   175
